 Dungeon Crawl Stone Soup version 0.14-a0-987-gc8002fa (webtiles) character file.

1136 PolkaDot the Ruinous (level 7, -5/46 HPs)
             Began as a Vampire Conjurer on Nov 21, 2013.
             Was a Follower of Vehumet.
             Slain by an orange rat (14 damage)
             ... on Level 5 of the Dungeon on Nov 22, 2013.
             The game lasted 00:21:27 (5779 turns).

PolkaDot the Ruinous (Vampire Conjurer)             Turns: 5779, Time: 00:21:27

HP  -5/46        AC  8     Str  7      XL: 7   Next: 96%
MP   8/17        EV 13     Int 19      God: Vehumet [*.....]
Gold 156         SH  0     Dex 14      Spells:  3 memorised,  7 levels left

Res.Fire  : + . .   See Invis. : +   p - +1 orc dagger (protect)
Res.Cold  : + . .   Warding    : .   g - +0 orc robe {MR+}
Life Prot.: . . .   Conserve   : .   (no shield)
Res.Poison: .       Res.Corr.  : .   (no helmet)
Res.Elec. : .       Clarity    : .   d - +0 dwarf cloak
Sust.Abil.: . .     Spirit.Shd : .   (no gloves)
Res.Mut.  : .       Stasis     : .   (no boots)
Res.Rott. : .       Flight     : .   (no amulet)
Saprovore : . . .                    s - ring of protection from cold
                                     o - ring of protection from fire

@: regenerating quickly, somewhat resistant to hostile enchantments, quite
stealthy
A: bottle blood, fangs 3, see invisible, unbreathing
a: Bottle Blood, Renounce Religion


You were on level 5 of the Dungeon.
You worshipped Vehumet.
Vehumet was aware of your devotion.
You were very full.

You visited 2 branches of the dungeon, and saw 6 of its levels.

You collected 156 gold pieces.

Inventory:

Hand weapons
 p - a +1,+1 orcish dagger of protection (weapon)
 q - a +0,+3 orcish dagger of draining
Armour
 d - a +0 dwarven cloak (worn)
 g - a +0 orcish robe of magic resistance (worn)
Magical devices
 u - a wand of polymorph (16) {unknown}
Scrolls
 a - 3 scrolls of recharging {unknown}
 f - 2 scrolls of identify
 j - 3 scrolls of remove curse
 k - 2 scrolls of teleportation
 n - 2 scrolls of enchant weapon II
Jewellery
 l - an uncursed ring of teleportation
 o - a ring of protection from fire (left hand)
 s - a ring of protection from cold (right hand)
Potions
 b - a potion of magic
 e - 2 potions of curing
 h - 3 potions of heal wounds
 i - a potion of resistance
 m - a potion of degeneration
 r - a potion of brilliance
 t - a potion of cure mutation {unknown}
Books
 c - a book of Conjurations

   Spells                             Type                      Level
   *Magic Dart                        Conjuration                  1
   *Searing Ray                       Conjuration                  2
   Dazzling Spray                     Conjuration/Hexes            3
   *Iskenderun's Mystic Blast         Conjuration                  4
   Iskenderun's Battlesphere          Conjuration/Charms           4
   Fulminant Prism                    Conjuration/Hexes            5


   Skills:
 - Level 2.8 Dodging
 - Level 4.3 Stealth
 + Level 4.1 Spellcasting
 * Level 6.5 Conjurations


You had 7 spell levels left.
You knew the following spells:

 Your Spells              Type           Power        Failure   Level  Hunger
a - Magic Dart            Conj           ####         1%          1    None
d - Iskenderun's Mystic   Conj           ####....     12%         4    ####...
s - Searing Ray           Conj           ####..       1%          2    #......


Dungeon Overview and Level Annotations

Branches:
Dungeon (5/16)             Temple (1/1) D:5

Altars:
Cheibriados
Elyvilon
Makhleb
Okawaru
Sif Muna
Trog
Vehumet
Yredelemnul
Zin
the Shining One
Jiyva


Innate Abilities, Weirdness & Mutations

Your natural rate of healing is unusually fast.
You can bottle blood from corpses.
You have razor-sharp teeth.*
You have supernaturally acute eyesight.
You can survive without breathing.*


Message History

The orange rat barely misses you.
The searing ray hits the orange rat.
The orange rat is severely wounded.
The searing ray hits the green rat.
You kill the green rat!
Vehumet accepts your kill. The orange rat bites you!
Casting: Searing Ray
Confirm with . or Enter, or press ? or * to list all spells.
Aiming: Searing Ray
Press: ? - help, Shift-Dir - straight line, f/p - rat
Aim: a rat The searing ray hits the orange rat.
The orange rat is severely wounded.
The orange rat barely misses you. The orange rat bites you!
* * * LOW HITPOINT WARNING * * *
The searing ray hits the orange rat.
The orange rat is almost dead.
The orange rat bites you!
You die...

#.
.##.#.
.##..#K
##
.#...
#. ...
## #r#
#r# ##
#r## #.
##r# #.
##@# ##
#.##
##.#
#.##
##.#
#.## ##
#####.#
#.
#.....#
##
#####.#


You could see an orange rat, 2 grey rats and a rat.

Vanquished Creatures
  An ice beast (D:5)
  A sky beast (D:5)
  A centaur (D:5)
  A giant frog (D:4)
  A crimson imp (D:3)
  An orc priest (D:3)
  A scorpion (D:4)
  An iguana (D:4)
  5 orc wizards
  An orange rat (D:5)
  2 worker ants
  An ogre zombie (D:5)
  Jessica (D:3)
  An ogre skeleton (D:4)
  A green rat (D:5)
  4 gnolls (D:5)
  10 adders
  A worm (D:2)
  4 oozes (D:3)
  20 orcs
  8 bats
  A bat zombie (D:5)
  4 giant cockroaches
  11 hobgoblins
  6 jackals
  9 kobolds
  3 quokkas
  3 ball pythons
  2 giant geckos
  5 giant newts
  5 goblins
  An orc skeleton (D:4)
  10 rats
127 creatures vanquished.

Notes
Turn   | Place    | Note
--------------------------------------------------------------
     0 | D:1      | PolkaDot, the Vampire Conjurer, began the quest for the Orb.
     0 | D:1      | Reached XP level 1. HP: 13/13 MP: 4/4
   190 | D:1      | Found an iron altar of Okawaru.
   428 | D:1      | Reached XP level 2. HP: 16/19 MP: 5/5
   915 | D:2      | Reached skill level 4 in Stealth
   983 | D:2      | Learned a level 2 spell: Searing Ray
  1235 | D:2      | Reached XP level 3. HP: 2/24 MP: 1/7
  2012 | D:2      | Reached XP level 4. HP: 25/30 MP: 8/8
  2655 | D:3      | Reached XP level 5. HP: 21/35 MP: 4/9
  2875 | D:3      | Found a basalt altar of Yredelemnul.
  3008 | D:3      | Found a viscous altar of Jiyva.
  3421 | D:3      | Found a glowing golden altar of the Shining One.
  3571 | D:3      | Found a bloodstained altar of Trog.
  3584 | D:3      | Reached XP level 6. HP: 33/41 MP: 2/12
  3891 | D:3      | Noticed Jessica
  3901 | D:3      | Killed Jessica
  3992 | D:4      | Reached skill level 5 in Conjurations
  4099 | D:4      | Noticed a giant frog
  4108 | D:4      | Killed a giant frog
  4194 | D:4      | Learned a level 4 spell: Iskenderun's Mystic Blast
  4691 | D:5      | Entered Level 5 of the Dungeon
  4773 | D:5      | Reached XP level 7. HP: 46/46 MP: 12/15
  4839 | D:5      | Found a staircase to the Ecumenical Temple.
  4855 | Temple   | Entered the Ecumenical Temple
  5140 | Temple   | Became a worshipper of Vehumet
  5455 | D:5      | Reached skill level 6 in Conjurations
  5723 | D:5      | Acquired Vehumet's first power
  5723 | D:5      | Offered knowledge of Flame Tongue by Vehumet.
  5779 | D:5      | Slain by an orange rat

Action                   |  1- 3 |  4- 6 |  7- 9 || total
-------------------------+-------+-------+-------++-------
Melee: Spear             |   132 |    59 |       ||   191
       Dagger            |       |   222 |    85 ||   307
 Cast: Magic Dart        |    32 |     8 |       ||    40
       Searing Ray       |     5 |    29 |    18 ||    52
  Use: Scroll            |     2 |     8 |       ||    10
 Stab: Sleeping          |     6 |     4 |     2 ||    12
